Predators vs Ducks

Created - 3 novembre 2017 at 15:55

Goals
1 2 3 T
Predators 0 0 2 2
Ducks 2 0 1 3
Shots
1 2 3 T
Predators 11 12 12 35
Ducks 13 7 10 30

1st period

1. Ducks , Mike Richards 6 (Charles Linglet 4, Ryan Johansen 6) at 14:47 (PP)
2. Ducks , Ryan Johansen 8 (Craig Weller 4, Charles Linglet 5) at 18:24 (PP)

Penalties :
Ladislav Smid (NSH) for Holding (Minor) at 0:19, Adam Taylor (ANA) for Cross-checking (Minor) at 3:26, Derek Roy (NSH) for Hooking (Minor) at 8:06, Mike Richards (ANA) for Interference (Minor) at 12:07, Nikita Filatov (NSH) for Slashing (Minor) at 12:56, Craig Weller (ANA) for Roughing (Minor) at 15:01, Slava Voynov (NSH) for Holding (Minor) at 18:07

2nd period

No Goal

Penalties :
Johnny Boychuck (NSH) for Slashing (Double Minor) at 8:29, Mike Richards (ANA) for Hooking (Minor) at 15:34

3rd period

3. Ducks , Dan Girardi 1 (Mike Richards 8, Ryane Clowe 3) at 3:07
4. Predators , Kyle Okposo 6 (Ryan Callahan 6, Danny Dekeyser 8) at 3:32
5. Predators , Brenden Dillon 2 (Slava Voynov 6, Nikita Filatov 3) at 16:30 (PP)

Penalties :
Brenden Dillon (NSH) for Delaying the game (Minor) at 4:49, Derek Roy (NSH) for Hooking (Minor) at 10:02, Craig Weller (ANA) for Hooking (Minor) at 15:10

Goalie Stats

Cam Ward (NSH), 27 saves from 30 shots - (0,900), L, 6-3-2, 58:55 minutes
Jonathan Boutin (ANA), 33 saves from 35 shots - (0,943), W, 6-3-1, 60:00 minutes

Players Stats for Predators

Player Name              G  A  P  +/- PIM S  H  SB GA TA FO     MP     PP MP  PK MP  
------------------------------------------------------------------------------------
Boone Jenner             0  0  0   0  0   1  1  0  0  0  0/0    13:57   3:27   0:00 
Boyd Gordon              0  0  0   0  0   0  0  0  0  0  4/11   10:55   0:00   5:10 
Brandon Dubinsky         0  0  0   1  0   3  5  0  0  0  14/31  17:19   4:39   1:23 
Brenden Dillon           1  0  1   0  2   1  3  0  0  0  0/0    20:44   3:56   5:32 
Danny Dekeyser           0  1  1   1  0   4  0  1  0  0  0/0    21:08   4:10   4:42 
Derek Roy                0  0  0   0  4   4  4  0  0  0  11/21  14:07   0:00   3:55 
Johnny Boychuck          0  0  0  -1  4   1  5  1  0  0  0/0    19:07   0:00   3:40 
Kevan Miller             0  0  0   0  0   1  0  2  0  0  0/0    20:22   4:10   5:22 
Kyle Okposo              1  0  1   1  0   6  0  0  0  0  0/0    15:13   4:39   0:00 
Ladislav Smid            0  0  0   1  2   1  2  4  0  0  0/0    19:21   0:00   6:00 
Lauri Korpikoski         0  0  0   0  0   0  0  0  0  0  0/1    10:10   0:00   4:25 
Nikita Filatov           0  1  1  -1  2   3  2  0  0  0  2/2    15:11   3:26   0:00 
Paul Byron               0  0  0   0  0   3  0  0  0  0  0/0     5:45   0:00   0:00 
R.J. Umberger            0  0  0   0  0   1  0  0  0  0  0/1    16:45   0:00   6:58 
Ryan Callahan            0  1  1   1  0   2  2  0  0  0  3/4    18:47   4:39   3:07 
Slava Voynov             0  1  1  -1  2   1  2  1  0  0  0/0    18:59   3:56   0:15 
Tuomo Ruutu              0  0  0  -1  0   1  1  0  0  0  0/0    12:48   0:00   1:03 
Tyler Bozak              0  0  0  -1  0   2  0  0  0  0  14/20  15:12   3:27   0:00 

Players Stats for Ducks

Player Name              G  A  P  +/- PIM S  H  SB GA TA FO     MP     PP MP  PK MP  
------------------------------------------------------------------------------------
Adam Taylor              0  0  0  -1  2   3  2  0  0  0  0/0    17:14   5:31   0:00 
Alexandre R. Picard      0  0  0   1  0   1  2  1  0  0  0/0    18:48   5:34   0:00 
Bill Thomas              0  0  0   1  0   0  0  1  0  0  3/4    11:40   0:00   0:00 
Brooks Laich             0  0  0   0  0   2  0  1  0  0  1/2    12:28   0:33   2:45 
Charles Linglet          0  2  2  -1  0   1  1  0  0  0  0/0    18:33   6:49   0:00 
Christopher Tanev        0  0  0  -1  0   1  2  1  0  0  0/0    19:13   1:07   4:07 
Craig Weller             0  1  1   0  4   0  4  0  0  0  0/0    17:49   6:46   0:00 
Dan Girardi              1  0  1   1  0   1  3  3  0  0  0/0    19:25   0:00   4:07 
Jiri Hudler              0  0  0   0  0   2  0  0  0  0  5/13    9:44   0:33   4:44 
Justin Braun             0  0  0   0  0   1  2  2  0  0  0/0    21:04   5:33   3:59 
Marcus Johansson         0  0  0   0  0   1  0  0  0  0  0/2     9:10   0:00   0:00 
Mike Richards            1  1  2   1  4   4  2  0  0  0  11/23  21:12   6:49   1:55 
Nick Spaling             0  0  0   0  0   0  0  0  0  0  5/8    11:30   0:00   5:03 
Nicklas Bergfors         0  0  0   0  0   0  0  0  0  0  0/0     4:37   0:10   0:00 
Petteri Wirtanen         0  0  0   0  0   2  4  0  0  0  8/19   14:41   5:31   0:00 
Raphael Diaz             0  0  0  -1  0   0  0  0  0  0  0/0    24:29   6:46   3:59 
Ryan Johansen            1  1  2  -1  0   6  0  0  0  0  10/17  20:06   7:12   0:00 
Ryane Clowe              0  1  1   1  0   5  2  0  0  0  0/3    18:56   5:31   1:45 

3 Stars

1 - Dan Girardi (ANA)
2 - Jonathan Boutin (ANA)
3 - Ryan Johansen (ANA)

Power Play

Predators - 1 on 5 Attempt(s) - 20,00%
Ducks - 2 on 8 Attempt(s) - 25,00%

Penalty Kill

Predators - 6 on 8 Attempt(s) - 75,00% - Score 0 goal in Penalty Kill
Ducks - 4 on 5 Attempt(s) - 80,00% - Score 0 goal in Penalty Kill

Team Stat

Predators - Hits : 27 - Faceoff Wins : 48 - Blocked Shots : 9 - Penalty Minutes : 16
Ducks - Hits : 24 - Faceoff Wins : 43 - Blocked Shots : 9 - Penalty Minutes : 10

Official

Referees : David Banfield and Darcy Burchell
Linesman : Brent Hooks and Andrew Buck

Game Notes

No Game Note

Finance

Level 1 -- Attendance: 6000 (100,00%) -- Ticket Income 660 000 $
Level 2 -- Attendance: 4670 (93,40%) -- Ticket Income 350 250 $
Level 3 -- Attendance: 1759 (87,95%) -- Ticket Income 102 022 $
Level 4 -- Attendance: 4000 (100,00%) -- Ticket Income 120 000 $
Luxury Box -- Attendance: 1000 (100,00%) -- Ticket Income 280 000 $
Game was played at the The Arrowhead Pond of Anaheim.
Total Attendance: 17429 (96,83%)
Total Ticket Income: 1 512 272 $
Other Income: 741 013 $
Total Income: 2 253 285 $

Predators

5 vs 5 Forward 
   Center                   Left Wing                Right Wing               Time % Phy DF OF 
 1 Tyler Bozak              Tuomo Ruutu              Nikita Filatov           29     0   2  3  
 2 Brandon Dubinsky         Ryan Callahan            Kyle Okposo              28     0   2  3  
 3 Derek Roy                Boone Jenner             R.J. Umberger            26     0   2  3  
 4 Boyd Gordon              Paul Byron               Lauri Korpikoski         17     0   3  2  

5 vs 5 Defense 
   Defense                  Defense                                           Time % Phy DF OF 
 1 Danny Dekeyser           Ladislav Smid                                     35     0   3  2  
 2 Slava Voynov             Johnny Boychuck                                   35     0   3  2  
 3 Brenden Dillon           Kevan Miller                                      30     0   3  2  
 4 Johnny Boychuck          Ladislav Smid                                     0      0   4  1  

PowerPlay Forward 
   Center                   Left Wing                Right Wing               Time % Phy DF OF 
 1 Brandon Dubinsky         Ryan Callahan            Kyle Okposo              50     0   0  5  
 2 Tyler Bozak              Boone Jenner             Nikita Filatov           50     0   0  5  

PowerPlay Defense
   Defense                  Defense                                           Time % Phy DF OF 
 1 Slava Voynov             Brenden Dillon                                    50     0   1  4  
 2 Kevan Miller             Danny Dekeyser                                    50     0   1  4  

Penalty Kill 4 Players Forward 
   Center                   Wing                     Time % Phy DF OF 
 1 Derek Roy                R.J. Umberger            60     0   4  1  
 2 Boyd Gordon              Lauri Korpikoski         40     0   4  1  

Penalty Kill 4 Players Defense
   Defense                  Defense                  Time % Phy DF OF 
 1 Ladislav Smid            Brenden Dillon           60     0   5  0  
 2 Kevan Miller             Johnny Boychuck          40     0   5  0  

Penalty Kill - 3 Players Forward 
   Forward                                           Time % Phy DF OF 
 1 R.J. Umberger                                     50     0   4  1  
 2 Boyd Gordon                                       50     0   4  1  

Penalty Kill - 3 Players Defense
   Defense                  Defense                  Time % Phy DF OF 
 1 Ladislav Smid            Johnny Boychuck          50     0   5  0  
 2 Kevan Miller             Brenden Dillon           50     0   5  0  

4 vs 4 Forward 
   Center                   Wing                     Time % Phy DF OF 
 1 Derek Roy                Ryan Callahan            50     0   2  3  
 2 Brandon Dubinsky         Boone Jenner             50     0   2  3  

4 vs 4 Defense
   Defense                  Defense                  Time % Phy DF OF 
 1 Slava Voynov             Brenden Dillon           50     0   2  3  
 2 Ladislav Smid            Danny Dekeyser           50     0   2  3  

Last Minutes Offensive
   Center                   Left Wing                Right Wing               Defense                  Defense                  
   Tyler Bozak              Tuomo Ruutu              Nikita Filatov           Slava Voynov             Danny Dekeyser           

Last Minutes Defensive
   Center                   Left Wing                Right Wing               Defense                  Defense                  
   Derek Roy                R.J. Umberger            Ryan Callahan            Ladislav Smid            Johnny Boychuck          

Goaltenders
Starting : Cam Ward                 
Backup : Peter Budaj              

Extra Forwards
Normal : Derek Roy, Tuomo Ruutu, Tyler Bozak - PP : Derek Roy, Tuomo Ruutu - PK : Ryan Callahan
Extra Defensemen
Normal : Danny Dekeyser, Slava Voynov, Johnny Boychuck - PP : Danny Dekeyser - PK : Danny Dekeyser, Ladislav Smid
Penalty Shots
Tuomo Ruutu, Ryan Callahan, Kyle Okposo, Tyler Bozak, Derek Roy
Custom OT Lines Forwards
Tyler Bozak, Nikita Filatov, Brandon Dubinsky, Kyle Okposo, Derek Roy, Ryan Callahan, R.J. Umberger, Tuomo Ruutu, Boyd Gordon, Paul Byron
Custom OT Lines Defensemen
Slava Voynov, Danny Dekeyser, Brenden Dillon, Ladislav Smid, Johnny Boychuck

Scratches
None

Ducks

5 vs 5 Forward 
   Center                   Left Wing                Right Wing               Time % Phy DF OF 
 1 Mike Richards            Ryane Clowe              Bill Thomas              31     0   2  3  
 2 Ryan Johansen            Charles Linglet          Adam Taylor              30     0   2  3  
 3 Petteri Wirtanen         Brooks Laich             Marcus Johansson         24     0   3  2  
 4 Nick Spaling             Jiri Hudler              Nicklas Bergfors         15     0   4  1  

5 vs 5 Defense 
   Defense                  Defense                                           Time % Phy DF OF 
 1 Raphael Diaz             Christopher Tanev                                 35     0   2  3  
 2 Dan Girardi              Alexandre R. Picard                               35     0   2  3  
 3 Craig Weller             Justin Braun                                      30     0   3  2  
 4 Justin Braun             Craig Weller                                      0      0   4  1  

PowerPlay Forward 
   Center                   Left Wing                Right Wing               Time % Phy DF OF 
 1 Mike Richards            Charles Linglet          Ryan Johansen            55     0   0  5  
 2 Petteri Wirtanen         Ryane Clowe              Adam Taylor              45     0   0  5  

PowerPlay Defense
   Defense                  Defense                                           Time % Phy DF OF 
 1 Raphael Diaz             Craig Weller                                      55     0   0  5  
 2 Alexandre R. Picard      Justin Braun                                      45     0   0  5  

Penalty Kill 4 Players Forward 
   Center                   Wing                     Time % Phy DF OF 
 1 Jiri Hudler              Nick Spaling             60     0   5  0  
 2 Brooks Laich             Mike Richards            40     0   5  0  

Penalty Kill 4 Players Defense
   Defense                  Defense                  Time % Phy DF OF 
 1 Dan Girardi              Justin Braun             60     0   5  0  
 2 Christopher Tanev        Raphael Diaz             40     0   5  0  

Penalty Kill - 3 Players Forward 
   Forward                                           Time % Phy DF OF 
 1 Jiri Hudler                                       60     0   5  0  
 2 Nick Spaling                                      40     0   5  0  

Penalty Kill - 3 Players Defense
   Defense                  Defense                  Time % Phy DF OF 
 1 Justin Braun             Christopher Tanev        60     0   5  0  
 2 Dan Girardi              Raphael Diaz             40     0   5  0  

4 vs 4 Forward 
   Center                   Wing                     Time % Phy DF OF 
 1 Ryan Johansen            Nick Spaling             55     0   4  1  
 2 Mike Richards            Bill Thomas              45     0   4  1  

4 vs 4 Defense
   Defense                  Defense                  Time % Phy DF OF 
 1 Christopher Tanev        Justin Braun             55     0   4  1  
 2 Dan Girardi              Raphael Diaz             45     0   4  1  

Last Minutes Offensive
   Center                   Left Wing                Right Wing               Defense                  Defense                  
   Petteri Wirtanen         Mike Richards            Ryan Johansen            Craig Weller             Raphael Diaz             

Last Minutes Defensive
   Center                   Left Wing                Right Wing               Defense                  Defense                  
   Nick Spaling             Mike Richards            Craig Weller             Dan Girardi              Christopher Tanev        

Goaltenders
Starting : Jonathan Boutin          
Backup : Adam Dennis              

Extra Forwards
Normal : Adam Taylor, Ryan Johansen, Ryane Clowe - PP : Ryan Johansen, Ryane Clowe - PK : Ryane Clowe
Extra Defensemen
Normal : Justin Braun, Christopher Tanev, Craig Weller - PP : Craig Weller - PK : Dan Girardi, Justin Braun
Penalty Shots
Mike Richards, Ryan Johansen, Adam Taylor, Jiri Hudler, Petteri Wirtanen
Custom OT Lines Forwards
Ryan Johansen, Nick Spaling, Mike Richards, Bill Thomas, Petteri Wirtanen, Adam Taylor, Ryane Clowe, Craig Weller, Charles Linglet, Nicklas Bergfors
Custom OT Lines Defensemen
Justin Braun, Christopher Tanev, Raphael Diaz, Dan Girardi, Craig Weller

Scratches
Brady Murray (Healthy), Bryan Allen (Healthy), Michael Mersch (Healthy)

% Time on Ice - Predators

Lines # - Real PCT - Wanted PCT - Time Play
Normal Forward
1 - 29% - 29% - 10:55
2 - 29% - 28% - 10:34
3 - 26% - 26% - 9:47
4 - 16% - 17% - 5:45
Normal Defense
1 - 29% - 35% - 10:43
2 - 37% - 35% - 13:32
3 - 29% - 30% - 10:50
4 - 5% - 0% - 1:56
PP Forward
1 - 57% - 50% - 4:39
2 - 43% - 50% - 3:27
PP Defense
1 - 49% - 50% - 3:56
2 - 51% - 50% - 4:10
PK Forward
1 - 66% - 60% - 8:28
2 - 34% - 40% - 4:25
PK Defense
1 - 52% - 60% - 6:44
2 - 48% - 40% - 6:09
PK3 Forward
1 - 0% - 50%
2 - 0% - 50%
PK3 Defense
1 - 0% - 50%
2 - 0% - 50%
44 Forward
1 - 39% - 50% - 0:27
2 - 61% - 50% - 0:43
44 Defense
1 - 39% - 50% - 0:27
2 - 61% - 50% - 0:43
Last Minute Offensive  - 0:50
Last Minute Defensive  - 0:00
Total
Forward - 60:00
Defense - 60:00

% Time on Ice - Ducks

Lines # - Real PCT - Wanted PCT - Time Play
Normal Forward
1 - 32% - 31% - 11:40
2 - 32% - 30% - 11:44
3 - 25% - 24% - 9:10
4 - 12% - 15% - 4:27
Normal Defense
1 - 35% - 35% - 13:01
2 - 37% - 35% - 13:45
3 - 28% - 30% - 10:15
4 - 0% - 0% - 0:00
PP Forward
1 - 56% - 55% - 7:12
2 - 44% - 45% - 5:41
PP Defense
1 - 53% - 55% - 6:46
2 - 47% - 45% - 6:07
PK Forward
1 - 68% - 60% - 5:29
2 - 32% - 40% - 2:37
PK Defense
1 - 51% - 60% - 4:07
2 - 49% - 40% - 3:59
PK3 Forward
1 - 0% - 60%
2 - 0% - 40%
PK3 Defense
1 - 0% - 60%
2 - 0% - 40%
44 Forward
1 - 100% - 55% - 1:10
2 - 0% - 45% - 0:00
44 Defense
1 - 39% - 55% - 0:27
2 - 61% - 45% - 0:43
Last Minute Offensive  - 0:00
Last Minute Defensive  - 0:50
Total
Forward - 60:00
Defense - 60:00

Play by Play

1st period


0:01 of 1st period - Tyler Bozak wins face-off versus Mike Richards in neutral zone.
0:17 of 1st period - Shot by Mike Richards.
0:17 of 1st period - Shot Misses the Net.
0:19 of 1st period - Shot by Christopher Tanev.
0:19 of 1st period - Stopped by Cam Ward without a rebound.
0:19 of 1st period - Minor Penalty to Ladislav Smid for Holding.
0:20 of 1st period - Mike Richards wins face-off versus Derek Roy in Predators zone.
1:12 of 1st period - Shot by Petteri Wirtanen.
1:12 of 1st period - Stopped by Cam Ward without a rebound.
1:13 of 1st period - Derek Roy wins face-off versus Petteri Wirtanen in Predators zone.
1:31 of 1st period - Shot by Ryane Clowe.
1:31 of 1st period - Stopped by Cam Ward without a rebound.
1:32 of 1st period - Petteri Wirtanen wins face-off versus Derek Roy in Predators zone.
2:32 of 1st period - Shot by Jiri Hudler.
2:32 of 1st period - Stopped by Cam Ward without a rebound.
2:33 of 1st period - Nick Spaling wins face-off versus Lauri Korpikoski in Predators zone.
2:34 of 1st period - Shot by Alexandre R. Picard.
2:34 of 1st period - Shot Misses the Net.
3:11 of 1st period - Icing by Dan Girardi.
3:12 of 1st period - Derek Roy wins face-off versus Nick Spaling in Ducks zone.
3:26 of 1st period - Minor Penalty to Adam Taylor for Cross-checking.
3:27 of 1st period - Brandon Dubinsky wins face-off versus Ryane Clowe in Ducks zone.
3:48 of 1st period - Shot by Kyle Okposo.
3:48 of 1st period - Stopped by Jonathan Boutin without a rebound.
3:49 of 1st period - Brooks Laich wins face-off versus Tyler Bozak in Ducks zone.
5:11 of 1st period - Shot by Brandon Dubinsky.
5:11 of 1st period - Stopped by Jonathan Boutin without a rebound.
5:12 of 1st period - Tyler Bozak wins face-off versus Jiri Hudler in Ducks zone.
5:19 of 1st period - Shot by Nikita Filatov.
5:19 of 1st period - Stopped by Jonathan Boutin without a rebound.
5:20 of 1st period - Jiri Hudler wins face-off versus Brandon Dubinsky in Ducks zone.
5:39 of 1st period - Shot by Charles Linglet.
5:39 of 1st period - Shot Blocked by Ladislav Smid.
6:03 of 1st period - Shot by Charles Linglet.
6:03 of 1st period - Stopped by Cam Ward without a rebound.
6:04 of 1st period - Mike Richards wins face-off versus Brandon Dubinsky in Predators zone.
6:06 of 1st period - Ryane Clowe is hit by Brenden Dillon and loses puck.
6:27 of 1st period - Shot by Kyle Okposo.
6:27 of 1st period - Stopped by Jonathan Boutin without a rebound.
6:28 of 1st period - Petteri Wirtanen wins face-off versus Tyler Bozak in Ducks zone.
6:34 of 1st period - Nikita Filatov is hit by Alexandre R. Picard and loses puck.
7:48 of 1st period - Ryan Johansen is hit by Slava Voynov and loses puck.
8:06 of 1st period - Minor Penalty to Derek Roy for Hooking.
8:07 of 1st period - Ryan Callahan wins face-off versus Mike Richards in Predators zone.
9:00 of 1st period - Shot by Alexandre R. Picard.
9:00 of 1st period - Stopped by Cam Ward without a rebound.
9:01 of 1st period - Brandon Dubinsky wins face-off versus Petteri Wirtanen in Predators zone.
9:22 of 1st period - Shot by Justin Braun.
9:22 of 1st period - Shot Misses the Net.
10:36 of 1st period - Icing by Danny Dekeyser.
10:37 of 1st period - Tyler Bozak wins face-off versus Mike Richards in Predators zone.
10:42 of 1st period - Nikita Filatov is hit by Ryane Clowe and loses puck.
11:03 of 1st period - Shot by Mike Richards.
11:03 of 1st period - Stopped by Cam Ward with a rebound.
11:05 of 1st period - Shot by Mike Richards.
11:05 of 1st period - Shot Misses the Net.
11:07 of 1st period - Shot by Bill Thomas.
11:07 of 1st period - Deflect By Ryane Clowe.
11:07 of 1st period - Stopped by Cam Ward without a rebound.
11:08 of 1st period - Petteri Wirtanen wins face-off versus Brandon Dubinsky in Predators zone.
11:08 of 1st period - Marcus Johansson is hit by Brenden Dillon and loses puck.
11:17 of 1st period - Shot by Brooks Laich.
11:17 of 1st period - Stopped by Cam Ward without a rebound.
11:18 of 1st period - Brandon Dubinsky wins face-off versus Ryan Johansen in Predators zone.
11:25 of 1st period - Adam Taylor is hit by Johnny Boychuck and loses puck.
11:40 of 1st period - Shot by Ryan Johansen.
11:40 of 1st period - Stopped by Cam Ward without a rebound.
11:41 of 1st period - Mike Richards wins face-off versus Derek Roy in Predators zone.
12:07 of 1st period - Minor Penalty to Mike Richards for Interference.
12:08 of 1st period - Brandon Dubinsky wins face-off versus Jiri Hudler in Ducks zone.
12:21 of 1st period - Shot by Slava Voynov.
12:21 of 1st period - Stopped by Jonathan Boutin without a rebound.
12:22 of 1st period - Tyler Bozak wins face-off versus Jiri Hudler in Ducks zone.
12:27 of 1st period - Shot by Tyler Bozak.
12:27 of 1st period - Stopped by Jonathan Boutin without a rebound.
12:28 of 1st period - Tyler Bozak wins face-off versus Jiri Hudler in Ducks zone.
12:31 of 1st period - Shot by Nikita Filatov.
12:31 of 1st period - Shot Misses the Net.
12:40 of 1st period - Off-side.
12:41 of 1st period - Brandon Dubinsky wins face-off versus Jiri Hudler in neutral zone.
12:54 of 1st period - Shot by Kyle Okposo.
12:54 of 1st period - Stopped by Jonathan Boutin without a rebound.
12:55 of 1st period - Nick Spaling wins face-off versus Tyler Bozak in Ducks zone.
12:55 of 1st period - Jiri Hudler is hit by Nikita Filatov and loses puck.
12:56 of 1st period - Minor Penalty to Nikita Filatov for Slashing.
12:57 of 1st period - Ryan Johansen wins face-off versus Derek Roy in Predators zone.
13:03 of 1st period - Icing by Derek Roy.
13:04 of 1st period - Derek Roy wins face-off versus Ryan Johansen in Predators zone.
13:23 of 1st period - Shot by Derek Roy.
13:23 of 1st period - Stopped by Jonathan Boutin without a rebound.
13:24 of 1st period - Ryan Johansen wins face-off versus Brandon Dubinsky in Ducks zone.
13:55 of 1st period - Shot by Brandon Dubinsky.
13:55 of 1st period - Shot Misses the Net.
14:39 of 1st period - Shot by Adam Taylor.
14:39 of 1st period - Stopped by Cam Ward without a rebound.
14:40 of 1st period - Mike Richards wins face-off versus Boyd Gordon in Predators zone.
14:43 of 1st period - Shot by Mike Richards.
14:43 of 1st period - Shot Misses the Net.
14:45 of 1st period - Shot by Charles Linglet.
14:45 of 1st period - Shot Misses the Net.
14:47 of 1st period - Shot by Mike Richards.
14:47 of 1st period - Goal by Mike Richards - Predators : 0 - Ducks : 1.
14:48 of 1st period - Nikita Filatov wins face-off versus Ryane Clowe in neutral zone.
14:52 of 1st period - Tyler Bozak is hit by Craig Weller.
14:58 of 1st period - Shot by Nikita Filatov.
14:58 of 1st period - Shot Blocked by Bill Thomas.
15:00 of 1st period - Shot by Tuomo Ruutu.
15:00 of 1st period - Shot Blocked by Justin Braun.
15:01 of 1st period - Minor Penalty to Craig Weller for Roughing.
15:02 of 1st period - Jiri Hudler wins face-off versus Brandon Dubinsky in Ducks zone.
15:19 of 1st period - Shot by Ryan Callahan.
15:19 of 1st period - Shot Misses the Net.
15:21 of 1st period - Shot by Danny Dekeyser.
15:21 of 1st period - Stopped by Jonathan Boutin without a rebound.
15:22 of 1st period - Jiri Hudler wins face-off versus Tyler Bozak in Ducks zone.
15:59 of 1st period - Brooks Laich is hit by Nikita Filatov and loses puck.
17:16 of 1st period - Shot by Paul Byron.
17:16 of 1st period - Stopped by Jonathan Boutin without a rebound.
17:17 of 1st period - Derek Roy wins face-off versus Petteri Wirtanen in Ducks zone.
17:24 of 1st period - Shot by Boone Jenner.
17:24 of 1st period - Shot Blocked by Brooks Laich.
17:26 of 1st period - Shot by Boone Jenner.
17:26 of 1st period - Shot Misses the Net.
17:28 of 1st period - Shot by Derek Roy.
17:28 of 1st period - Shot Misses the Net.
17:30 of 1st period - Shot by Boone Jenner.
17:30 of 1st period - Shot Misses the Net.
17:32 of 1st period - Shot by R.J. Umberger.
17:32 of 1st period - Shot Misses the Net.
17:37 of 1st period - Boone Jenner is hit by Craig Weller and loses puck.
18:07 of 1st period - Minor Penalty to Slava Voynov for Holding.
18:08 of 1st period - Boyd Gordon wins face-off versus Mike Richards in Predators zone.
18:08 of 1st period - Boyd Gordon is hit by Charles Linglet.
18:24 of 1st period - Shot by Ryan Johansen.
18:24 of 1st period - Goal by Ryan Johansen - Predators : 0 - Ducks : 2.
18:25 of 1st period - Brandon Dubinsky wins face-off versus Nick Spaling in neutral zone.
18:36 of 1st period - Shot by Kyle Okposo.
18:36 of 1st period - Shot Misses the Net.
19:04 of 1st period - Shot by Kyle Okposo.
19:04 of 1st period - Shot Blocked by Dan Girardi.
19:07 of 1st period - Brandon Dubinsky is hit by Dan Girardi and loses puck.
19:17 of 1st period - Icing by Nicklas Bergfors.
19:18 of 1st period - Nick Spaling wins face-off versus Tyler Bozak in Ducks zone.
19:18 of 1st period - Jiri Hudler is hit by Tuomo Ruutu and loses puck.
19:25 of 1st period - Shot by Tyler Bozak.
19:25 of 1st period - Stopped by Jonathan Boutin without a rebound.
19:26 of 1st period - Tyler Bozak wins face-off versus Ryan Johansen in Ducks zone.
19:27 of 1st period - Shot by Nikita Filatov.
19:27 of 1st period - Shot Misses the Net.
19:38 of 1st period - Off-side.
19:39 of 1st period - Derek Roy wins face-off versus Bill Thomas in neutral zone.
Goals for this period are 0 for Predators vs 2 for Ducks.
Shots for this period are 11 for Predators vs 13 for Ducks.

2nd period


0:01 of 2nd period - Brandon Dubinsky wins face-off versus Ryan Johansen in neutral zone.
0:06 of 2nd period - Shot by Kyle Okposo.
0:06 of 2nd period - Stopped by Jonathan Boutin without a rebound.
0:07 of 2nd period - Ryan Johansen wins face-off versus Brandon Dubinsky in Ducks zone.
0:07 of 2nd period - Ryan Johansen is hit by Brandon Dubinsky.
0:10 of 2nd period - Raphael Diaz is hit by Brandon Dubinsky and loses puck.
0:19 of 2nd period - Shot by Brandon Dubinsky.
0:19 of 2nd period - Stopped by Jonathan Boutin without a rebound.
0:20 of 2nd period - Tyler Bozak wins face-off versus Mike Richards in Ducks zone.
0:21 of 2nd period - Shot by Tuomo Ruutu.
0:21 of 2nd period - Stopped by Jonathan Boutin without a rebound.
0:22 of 2nd period - Bill Thomas wins face-off versus Brandon Dubinsky in Ducks zone.
0:26 of 2nd period - Christopher Tanev is hit by Johnny Boychuck and loses puck.
0:29 of 2nd period - Shot by Christopher Tanev.
0:29 of 2nd period - Shot Misses the Net.
0:31 of 2nd period - Shot by Christopher Tanev.
0:31 of 2nd period - Shot Misses the Net.
0:55 of 2nd period - Shot by Ryane Clowe.
0:55 of 2nd period - Stopped by Cam Ward with a rebound.
1:49 of 2nd period - Shot by Justin Braun.
1:49 of 2nd period - Shot Misses the Net.
1:54 of 2nd period - Icing by Danny Dekeyser.
1:55 of 2nd period - Petteri Wirtanen wins face-off versus Tyler Bozak in Predators zone.
3:10 of 2nd period - Shot by Kevan Miller.
3:10 of 2nd period - Stopped by Jonathan Boutin without a rebound.
3:11 of 2nd period - Ryan Johansen wins face-off versus Brandon Dubinsky in Ducks zone.
3:49 of 2nd period - Shot by Adam Taylor.
3:49 of 2nd period - Shot Blocked by Johnny Boychuck.
4:02 of 2nd period - Icing by Slava Voynov.
4:03 of 2nd period - Mike Richards wins face-off versus Brandon Dubinsky in Predators zone.
4:30 of 2nd period - Shot by Mike Richards.
4:30 of 2nd period - Shot Blocked by Slava Voynov.
5:03 of 2nd period - Nikita Filatov is hit by Christopher Tanev and loses puck.
5:40 of 2nd period - R.J. Umberger is hit by Adam Taylor and loses puck.
5:54 of 2nd period - Shot by Danny Dekeyser.
5:54 of 2nd period - Shot Misses the Net.
5:56 of 2nd period - Shot by Ladislav Smid.
5:56 of 2nd period - Stopped by Jonathan Boutin without a rebound.
5:57 of 2nd period - Boyd Gordon wins face-off versus Petteri Wirtanen in Ducks zone.
6:12 of 2nd period - Shot by Paul Byron.
6:12 of 2nd period - Stopped by Jonathan Boutin without a rebound.
6:13 of 2nd period - Derek Roy wins face-off versus Ryan Johansen in Ducks zone.
7:18 of 2nd period - Icing by Slava Voynov.
7:19 of 2nd period - Tyler Bozak wins face-off versus Petteri Wirtanen in Predators zone.
7:19 of 2nd period - Nikita Filatov is hit by Petteri Wirtanen and loses puck.
7:40 of 2nd period - Marcus Johansson is hit by Slava Voynov.
7:50 of 2nd period - Shot by Petteri Wirtanen.
7:50 of 2nd period - Stopped by Cam Ward with a rebound.
8:03 of 2nd period - Petteri Wirtanen is hit by Johnny Boychuck and loses puck.
8:29 of 2nd period - Double Minor Penalty to Johnny Boychuck for Slashing.
8:30 of 2nd period - Mike Richards wins face-off versus Derek Roy in Predators zone.
9:03 of 2nd period - Shot by Ryan Johansen.
9:03 of 2nd period - Shot Misses the Net.
9:38 of 2nd period - Shot by Ryane Clowe.
9:38 of 2nd period - Shot Blocked by Kevan Miller.
10:40 of 2nd period - Shot by Petteri Wirtanen.
10:40 of 2nd period - Shot Misses the Net.
10:42 of 2nd period - Shot by Adam Taylor.
10:42 of 2nd period - Stopped by Cam Ward without a rebound.
10:43 of 2nd period - Mike Richards wins face-off versus Boyd Gordon in Predators zone.
11:14 of 2nd period - Danny Dekeyser is hit by Mike Richards and loses puck.
12:05 of 2nd period - Shot by Justin Braun.
12:05 of 2nd period - Stopped by Cam Ward without a rebound.
12:06 of 2nd period - Ryan Callahan wins face-off versus Brooks Laich in Predators zone.
12:29 of 2nd period - Shot by Ryan Johansen.
12:29 of 2nd period - Stopped by Cam Ward with a rebound.
13:25 of 2nd period - Icing by Nicklas Bergfors.
13:26 of 2nd period - Nick Spaling wins face-off versus Brandon Dubinsky in Ducks zone.
13:26 of 2nd period - Nick Spaling is hit by Ryan Callahan.
13:29 of 2nd period - Icing by Jiri Hudler.
13:30 of 2nd period - Nick Spaling wins face-off versus Brandon Dubinsky in Ducks zone.
13:57 of 2nd period - Danny Dekeyser is hit by Ryane Clowe and loses puck.
14:25 of 2nd period - Shot by Ryane Clowe.
14:25 of 2nd period - Deflect By Mike Richards.
14:25 of 2nd period - Stopped by Cam Ward without a rebound.
14:26 of 2nd period - Ryan Johansen wins face-off versus R.J. Umberger in Predators zone.
14:36 of 2nd period - Justin Braun is hit by Derek Roy and loses puck.
15:05 of 2nd period - Shot by Kevan Miller.
15:05 of 2nd period - Shot Blocked by Justin Braun.
15:07 of 2nd period - Shot by Kevan Miller.
15:07 of 2nd period - Shot Misses the Net.
15:09 of 2nd period - Shot by Derek Roy.
15:09 of 2nd period - Stopped by Jonathan Boutin with a rebound.
15:34 of 2nd period - Minor Penalty to Mike Richards for Hooking.
15:35 of 2nd period - Brandon Dubinsky wins face-off versus Jiri Hudler in Ducks zone.
15:43 of 2nd period - Shot by Kevan Miller.
15:43 of 2nd period - Shot Misses the Net.
15:45 of 2nd period - Shot by Danny Dekeyser.
15:45 of 2nd period - Stopped by Jonathan Boutin without a rebound.
15:46 of 2nd period - Jiri Hudler wins face-off versus Brandon Dubinsky in Ducks zone.
16:03 of 2nd period - Shot by Ryan Callahan.
16:03 of 2nd period - Stopped by Jonathan Boutin without a rebound.
16:04 of 2nd period - Tyler Bozak wins face-off versus Ryane Clowe in Ducks zone.
16:05 of 2nd period - Shot by Danny Dekeyser.
16:05 of 2nd period - Stopped by Jonathan Boutin with a rebound.
16:18 of 2nd period - Shot by Nikita Filatov.
16:18 of 2nd period - Deflect By Boone Jenner.
16:18 of 2nd period - Stopped by Jonathan Boutin without a rebound.
16:19 of 2nd period - Brandon Dubinsky wins face-off versus Jiri Hudler in Ducks zone.
16:42 of 2nd period - Dan Girardi is hit by Brandon Dubinsky and loses puck.
17:02 of 2nd period - Off-side.
17:03 of 2nd period - Tyler Bozak wins face-off versus Nick Spaling in neutral zone.
17:12 of 2nd period - Shot by Nikita Filatov.
17:12 of 2nd period - Shot Misses the Net.
17:30 of 2nd period - Shot by Danny Dekeyser.
17:30 of 2nd period - Stopped by Jonathan Boutin without a rebound.
17:31 of 2nd period - Jiri Hudler wins face-off versus Brandon Dubinsky in Ducks zone.
18:04 of 2nd period - Shot by Charles Linglet.
18:04 of 2nd period - Shot Misses the Net.
18:06 of 2nd period - Shot by Charles Linglet.
18:06 of 2nd period - Shot Misses the Net.
18:08 of 2nd period - Shot by Charles Linglet.
18:08 of 2nd period - Deflect By Adam Taylor.
18:08 of 2nd period - Stopped by Cam Ward without a rebound.
18:09 of 2nd period - Bill Thomas wins face-off versus Brandon Dubinsky in Predators zone.
18:10 of 2nd period - Shot by Mike Richards.
18:10 of 2nd period - Shot Misses the Net.
18:26 of 2nd period - Icing by Brenden Dillon.
18:27 of 2nd period - Petteri Wirtanen wins face-off versus Brandon Dubinsky in Predators zone.
18:47 of 2nd period - Icing by Kevan Miller.
18:48 of 2nd period - Brandon Dubinsky wins face-off versus Mike Richards in Predators zone.
18:59 of 2nd period - Shot by Kyle Okposo.
18:59 of 2nd period - Shot Misses the Net.
19:19 of 2nd period - Raphael Diaz is hit by Ryan Callahan and loses puck.
19:45 of 2nd period - Raphael Diaz is hit by Brandon Dubinsky and loses puck.
Goals for this period are 0 for Predators vs 0 for Ducks.
Shots for this period are 12 for Predators vs 7 for Ducks.

3rd period


0:01 of 3rd period - Petteri Wirtanen wins face-off versus Derek Roy in neutral zone.
0:01 of 3rd period - Brooks Laich is hit by Derek Roy and loses puck.
0:06 of 3rd period - Shot by Derek Roy.
0:06 of 3rd period - Stopped by Jonathan Boutin without a rebound.
0:07 of 3rd period - Derek Roy wins face-off versus Petteri Wirtanen in Ducks zone.
0:11 of 3rd period - Icing by Christopher Tanev.
0:12 of 3rd period - Derek Roy wins face-off versus Petteri Wirtanen in Ducks zone.
0:18 of 3rd period - Off-side.
0:19 of 3rd period - Ryan Johansen wins face-off versus Derek Roy in neutral zone.
0:25 of 3rd period - Icing by Danny Dekeyser.
0:26 of 3rd period - Ryan Johansen wins face-off versus Derek Roy in Predators zone.
0:47 of 3rd period - Shot by Danny Dekeyser.
0:47 of 3rd period - Shot Blocked by Christopher Tanev.
0:51 of 3rd period - Shot by Boone Jenner.
0:51 of 3rd period - Deflect By Derek Roy.
0:51 of 3rd period - Stopped by Jonathan Boutin with a rebound.
1:35 of 3rd period - Shot by Nikita Filatov.
1:35 of 3rd period - Stopped by Jonathan Boutin without a rebound.
1:36 of 3rd period - Boyd Gordon wins face-off versus Petteri Wirtanen in Ducks zone.
1:36 of 3rd period - Boyd Gordon is hit by Craig Weller.
1:41 of 3rd period - Icing by Justin Braun.
1:42 of 3rd period - Tyler Bozak wins face-off versus Petteri Wirtanen in Ducks zone.
1:55 of 3rd period - Shot by Petteri Wirtanen.
1:55 of 3rd period - Shot Misses the Net.
2:15 of 3rd period - Shot by Marcus Johansson.
2:15 of 3rd period - Deflect By Petteri Wirtanen.
2:15 of 3rd period - Shot Misses the Net.
2:22 of 3rd period - Marcus Johansson is hit by Johnny Boychuck and loses puck.
3:05 of 3rd period - Shot by Ryane Clowe.
3:05 of 3rd period - Deflect By Mike Richards.
3:05 of 3rd period - Shot Misses the Net.
3:07 of 3rd period - Shot by Dan Girardi.
3:07 of 3rd period - Goal by Dan Girardi - Predators : 0 - Ducks : 3.
3:08 of 3rd period - Derek Roy wins face-off versus Ryan Johansen in neutral zone.
3:11 of 3rd period - Raphael Diaz is hit by Derek Roy and loses puck.
3:16 of 3rd period - Shot by R.J. Umberger.
3:16 of 3rd period - Stopped by Jonathan Boutin without a rebound.
3:17 of 3rd period - Ryan Johansen wins face-off versus Brandon Dubinsky in Ducks zone.
3:17 of 3rd period - Adam Taylor is hit by Brandon Dubinsky and loses puck.
3:32 of 3rd period - Shot by Ryan Callahan.
3:32 of 3rd period - Deflect By Kyle Okposo.
3:32 of 3rd period - Goal by Kyle Okposo - Predators : 1 - Ducks : 3.
3:33 of 3rd period - Bill Thomas wins face-off versus Derek Roy in neutral zone.
3:33 of 3rd period - Mike Richards is hit by Derek Roy and loses puck.
3:39 of 3rd period - Mike Richards is hit by Brenden Dillon and loses puck.
4:42 of 3rd period - Shot by Brooks Laich.
4:42 of 3rd period - Stopped by Cam Ward with a rebound.
4:44 of 3rd period - Shot by Marcus Johansson.
4:44 of 3rd period - Stopped by Cam Ward with a rebound.
4:49 of 3rd period - Minor Penalty to Brenden Dillon for Delaying the game.
4:50 of 3rd period - Mike Richards wins face-off versus Boyd Gordon in Predators zone.
5:04 of 3rd period - Mike Richards is hit by Ladislav Smid and loses puck.
5:17 of 3rd period - Shot by Mike Richards.
5:17 of 3rd period - Shot Blocked by Danny Dekeyser.
5:38 of 3rd period - Icing by Petteri Wirtanen.
5:39 of 3rd period - Derek Roy wins face-off versus Petteri Wirtanen in Ducks zone.
5:56 of 3rd period - Shot by Justin Braun.
5:56 of 3rd period - Shot Misses the Net.
5:58 of 3rd period - Shot by Ryane Clowe.
5:58 of 3rd period - Stopped by Cam Ward without a rebound.
5:59 of 3rd period - Mike Richards wins face-off versus Derek Roy in Predators zone.
5:59 of 3rd period - Mike Richards is hit by Johnny Boychuck.
6:03 of 3rd period - Shot by Mike Richards.
6:03 of 3rd period - Shot Blocked by Kevan Miller.
6:21 of 3rd period - Icing by Mike Richards.
6:22 of 3rd period - Boyd Gordon wins face-off versus Mike Richards in Ducks zone.
6:29 of 3rd period - Shot by Charles Linglet.
6:29 of 3rd period - Shot Misses the Net.
6:31 of 3rd period - Shot by Mike Richards.
6:31 of 3rd period - Shot Hit the Post.
6:33 of 3rd period - Shot by Mike Richards.
6:33 of 3rd period - Stopped by Cam Ward with a rebound.
6:35 of 3rd period - Shot by Raphael Diaz.
6:35 of 3rd period - Shot Misses the Net.
6:37 of 3rd period - Shot by Craig Weller.
6:37 of 3rd period - Shot Blocked by Ladislav Smid.
6:51 of 3rd period - Shot by Jiri Hudler.
6:51 of 3rd period - Stopped by Cam Ward without a rebound.
6:52 of 3rd period - Brandon Dubinsky wins face-off versus Petteri Wirtanen in Predators zone.
6:52 of 3rd period - Brandon Dubinsky is hit by Petteri Wirtanen.
7:10 of 3rd period - Shot by Kyle Okposo.
7:10 of 3rd period - Shot Misses the Net.
7:14 of 3rd period - Shot by Kyle Okposo.
7:14 of 3rd period - Stopped by Jonathan Boutin with a rebound.
7:30 of 3rd period - Shot by Ryan Callahan.
7:30 of 3rd period - Shot Misses the Net.
7:32 of 3rd period - Shot by Johnny Boychuck.
7:32 of 3rd period - Shot Blocked by Dan Girardi.
7:34 of 3rd period - Shot by Brandon Dubinsky.
7:34 of 3rd period - Shot Misses the Net.
7:36 of 3rd period - Shot by Brandon Dubinsky.
7:36 of 3rd period - Shot Blocked by Dan Girardi.
7:45 of 3rd period - Icing by Marcus Johansson.
7:46 of 3rd period - Petteri Wirtanen wins face-off versus Boyd Gordon in Ducks zone.
7:51 of 3rd period - Shot by Paul Byron.
7:51 of 3rd period - Stopped by Jonathan Boutin without a rebound.
7:52 of 3rd period - Ryan Johansen wins face-off versus Boyd Gordon in Ducks zone.
8:06 of 3rd period - Kevan Miller is hit by Adam Taylor and loses puck.
8:31 of 3rd period - Shot by Ryan Johansen.
8:31 of 3rd period - Stopped by Cam Ward without a rebound.
8:32 of 3rd period - Tyler Bozak wins face-off versus Mike Richards in Predators zone.
8:32 of 3rd period - Tyler Bozak is hit by Mike Richards.
9:05 of 3rd period - Shot by Ryane Clowe.
9:05 of 3rd period - Stopped by Cam Ward without a rebound.
9:06 of 3rd period - Brandon Dubinsky wins face-off versus Marcus Johansson in Predators zone.
9:06 of 3rd period - Kyle Okposo is hit by Petteri Wirtanen and loses puck.
9:16 of 3rd period - Brandon Dubinsky is hit by Dan Girardi and loses puck.
9:20 of 3rd period - Ryan Callahan is hit by Alexandre R. Picard and loses puck.
9:23 of 3rd period - Shot by Johnny Boychuck.
9:23 of 3rd period - Shot Blocked by Alexandre R. Picard.
9:37 of 3rd period - Shot by Kyle Okposo.
9:37 of 3rd period - Shot Misses the Net.
9:39 of 3rd period - Shot by Johnny Boychuck.
9:39 of 3rd period - Stopped by Jonathan Boutin with a rebound.
9:41 of 3rd period - Shot by Brandon Dubinsky.
9:41 of 3rd period - Stopped by Jonathan Boutin with a rebound.
9:43 of 3rd period - Shot by Slava Voynov.
9:43 of 3rd period - Shot Misses the Net.
9:52 of 3rd period - Ryan Callahan is hit by Dan Girardi and loses puck.
10:02 of 3rd period - Minor Penalty to Derek Roy for Hooking.
10:03 of 3rd period - Mike Richards wins face-off versus Brandon Dubinsky in Predators zone.
10:03 of 3rd period - Ryan Johansen is hit by Ladislav Smid and loses puck.
11:05 of 3rd period - Shot by Justin Braun.
11:05 of 3rd period - Shot Blocked by Ladislav Smid.
11:29 of 3rd period - Kevan Miller is hit by Petteri Wirtanen and loses puck.
11:51 of 3rd period - Icing by Ryan Johansen.
11:52 of 3rd period - Ryan Callahan wins face-off versus Mike Richards in Ducks zone.
11:55 of 3rd period - Shot by Ryan Callahan.
11:55 of 3rd period - Stopped by Jonathan Boutin without a rebound.
11:56 of 3rd period - Petteri Wirtanen wins face-off versus Ryan Callahan in Ducks zone.
12:26 of 3rd period - Icing by Ladislav Smid.
12:27 of 3rd period - Mike Richards wins face-off versus Boyd Gordon in Predators zone.
12:54 of 3rd period - Shot by Mike Richards.
12:54 of 3rd period - Shot Blocked by Ladislav Smid.
13:32 of 3rd period - Icing by Dan Girardi.
13:33 of 3rd period - Nikita Filatov wins face-off versus Ryan Johansen in Ducks zone.
13:54 of 3rd period - Shot by Ryan Johansen.
13:54 of 3rd period - Stopped by Cam Ward without a rebound.
13:55 of 3rd period - Derek Roy wins face-off versus Marcus Johansson in Predators zone.
14:28 of 3rd period - Shot by Boone Jenner.
14:28 of 3rd period - Shot Misses the Net.
14:44 of 3rd period - Brooks Laich is hit by Boone Jenner and loses puck.
15:06 of 3rd period - Tyler Bozak is hit by Craig Weller and loses puck.
15:10 of 3rd period - Minor Penalty to Craig Weller for Hooking.
15:11 of 3rd period - Brandon Dubinsky wins face-off versus Jiri Hudler in Ducks zone.
16:28 of 3rd period - Shot by Slava Voynov.
16:28 of 3rd period - Shot Misses the Net.
16:30 of 3rd period - Shot by Brenden Dillon.
16:30 of 3rd period - Goal by Brenden Dillon - Predators : 2 - Ducks : 3.
16:31 of 3rd period - Ryan Johansen wins face-off versus Boyd Gordon in neutral zone.
16:51 of 3rd period - Shot by Ryan Johansen.
16:51 of 3rd period - Shot Misses the Net.
16:57 of 3rd period - Shot by Ryan Johansen.
16:57 of 3rd period - Stopped by Cam Ward without a rebound.
16:58 of 3rd period - Brandon Dubinsky wins face-off versus Mike Richards in Predators zone.
18:11 of 3rd period - Derek Roy is hit by Christopher Tanev and loses puck.
18:55 of 3rd period - Predators, Cam Ward is pulled from the net.
19:09 of 3rd period - Shot by Tuomo Ruutu.
19:09 of 3rd period - Deflect By Nikita Filatov.
19:09 of 3rd period - Stopped by Jonathan Boutin without a rebound.
19:10 of 3rd period - Tyler Bozak wins face-off versus Mike Richards in Ducks zone.
19:20 of 3rd period - Icing by Justin Braun.
19:21 of 3rd period - Tyler Bozak wins face-off versus Mike Richards in Ducks zone.
19:21 of 3rd period - Tuomo Ruutu is hit by Justin Braun and loses puck.
19:36 of 3rd period - Shot by Nick Spaling.
19:36 of 3rd period - Shot Misses the Net.
19:51 of 3rd period - Tyler Bozak is hit by Justin Braun.
19:57 of 3rd period - Shot by Dan Girardi.
19:57 of 3rd period - Shot Misses the Net.
Goals for this period are 2 for Predators vs 1 for Ducks.
Shots for this period are 12 for Predators vs 10 for Ducks.